 Dungeon Crawl Stone Soup version 0.19-a0-734-ge18daf0 (webtiles) character file.

14667 mistymad the Archer (level 11, -15/102 HPs)
             Began as a Centaur Hunter on June 22, 2016.
             Was an Elder of Fedhas.
             Demolished by a sun demon (17 damage)
             ... summoned by an orc high priest
             ... on level 2 of the Orcish Mines.
             The game lasted 01:04:00 (17470 turns).

mistymad the Archer (Centaur Hunter)               Turns: 17470, Time: 01:04:02

Health: -15/102    AC: 23    Str: 14    XL:     11   Next: 91%
Magic:  9/9        EV: 11    Int: 10    God:    Fedhas [****..]
Gold:   671        SH:  0    Dex: 12    Spells: 0 memorised, 10 levels left

rFire  . . .     SeeInvis +     Y - +5 shortbow (velocity)
rCold  + . .     Gourm    .     v - +3 scale mail {rC+}
rNeg   . . .     Faith    .     (shield currently unavailable)
rPois  .         Spirit   .     s - +2 helmet {SInv}
rElec  .         Dismiss  .     t - +2 cloak {MR+}
rCorr  +         Reflect  .     r - +0 pair of gloves
SustAt .         Harm     .     T - +0 centaur barding
MR     +....                    (no amulet)
Stlth  ..........               M - ring of resist corrosion (curse)
                                p - +4 ring of evasion

@: very slightly contaminated, hasted, heavily drained, very quick, somewhat
resistant to hostile enchantments, extremely unstealthy
A: hooves 3, clumsy 1, deformed body, speed 2, low mp 1, screaming 1, tough skin
3, MP-powered wands
a: Evolution, Sunlight, Growth, Reproduction, Renounce Religion


You were on level 2 of the Orcish Mines.
You worshipped Fedhas.
Fedhas was greatly pleased with you.
You were very hungry.

You visited 3 branches of the dungeon, and saw 13 of its levels.
You also visited: Labyrinth.

You collected 1112 gold pieces.
You spent 441 gold pieces at shops.

Inventory:

Hand Weapons
 b - a +0 short sword
 Y - a +5 shortbow of velocity (weapon)
Missiles
 d - 3 arrows (quivered)
Armour
 a - a +2 ring mail of fire resistance
 r - a +0 pair of gloves (worn)
 s - a +2 helmet of see invisible (worn)
 t - a +2 cloak of magic resistance (worn)
 v - a +3 scale mail of cold resistance (worn)
 T - a +0 centaur barding (worn)
Jewellery
 p - a +4 ring of evasion (left hand)
 C - an uncursed ring of ice
 M - a cursed ring of resist corrosion (right hand)
 O - an uncursed ring of fire
Wands
 c - a wand of teleportation (6/9)
 k - a wand of flame (29/48)
 A - a wand of confusion (27/48)
 B - a wand of lightning (5/15)
 G - a wand of flame (21/48)
 H - a wand of polymorph (4/24)
 Q - a wand of iceblast (7/15)
 V - a wand of confusion (31/48)
Scrolls
 h - 2 scrolls of magic mapping
 l - 7 scrolls of remove curse
 q - 3 scrolls of enchant weapon {unknown}
 w - 3 scrolls of fear
 y - 3 scrolls of enchant armour
 D - 4 scrolls of noise {unknown}
 J - 4 scrolls of random uselessness {unknown}
 K - a scroll of fog {unknown}
 L - 4 scrolls of teleportation {unknown}
 N - a scroll of immolation
 R - 2 scrolls of recharging {unknown}
 S - a scroll of amnesia
 U - a scroll of holy word
Potions
 e - 2 potions of curing
 g - a potion of resistance
 i - 2 potions of haste
 j - 4 potions of might
 m - 3 potions of ambrosia
 n - a potion of degeneration
 z - 2 potions of flight
 E - a potion of heal wounds
 P - a potion of lignification
 X - a potion of mutation
Books
 x - a book of Fire

   Spells                             Type                      Level
   a - Ignite Poison                  Fire/Transmutation/Poison    3
   b - Fireball                       Conjuration/Fire             5
   c - Bolt of Fire                   Conjuration/Fire             6
   d - Delayed Fireball               Conjuration/Fire             7
   e - Ring of Flames                 Charms/Fire                  7
Comestibles
 f - 8 bread rations
 o - 5 meat rations
 F - 8 fruits
 I - a royal jelly


   Skills:
 + Level 11.1(9.7) Fighting
 - Level 14.4(12.9) Bows
 + Level 6.4(5.2) Armour
 + Level 6.6(5.4) Dodging
 - Level 0.5(0.0) Stealth


You had 10 spell levels left.
You didn't know any spells.

Dungeon Overview and Level Annotations

Branches:
Dungeon (10/15)            Temple (1/1) D:7            Lair (0/6) D:10
    Orc (2/2) D:10            Elf (0/3) Orc:2

Altars:
Ashenzari
Cheibriados
Dithmenos
Elyvilon
Fedhas
Gozag
Hepliaklqana
Kikubaaqudgha
Makhleb
Nemelex Xobeh
Okawaru
Pakellas
Qazlal
Ru
Sif Muna
Trog
Uskayaw
Vehumet
Xom
Yredelemnul
Zin
The Shining One
Beogh

Shops:
D:9 *   D:10 (   Orc:2 %[[(

Annotations:
D:8 exclusion: ice statue


Innate Abilities, Weirdness & Mutations

You have hooves in place of feet.
Armour fits poorly on your strangely shaped body.
You cover ground very quickly.
You have extremely tough skin. (AC +3)
You are clumsy. (Dex -2)
Your magical capacity is low. (-10% MP)
You occasionally shout uncontrollably at your foes.
You expend magic power (3 MP) to strengthen your wands.


Message History

* * * LOW HITPOINT WARNING * * *
You take 7 damage, and have 18/102 hp.
You see here an arrow.
The soul eater draws from the surrounding life force!
* * * LOW HITPOINT WARNING * * *
You take 8 damage, and have 10/102 hp.
Unknown command.
Okay, then.
You feel yourself speed up.
The orc sorcerer points at you and mumbles some strange words.
The bolt of fire hits you!
* * * LOW HITPOINT WARNING * * *
You take 7 damage, and have 3/102 hp.
You feel better.
The hellwing gives a chilling moan.
The sun demon hits you!
* * * LOW HITPOINT WARNING * * *
You are engulfed in flames!
You die...
Fedhas appreciates your contribution to the ecosystem.

.((.......#.**
...(.......,,*
.......##.#,**
.....####.##*
#.(.......$###
.....§o...o#.##
[..(.#........#########
......4.43o....3......##
............3.oo@.(....#*
......######(..######...*
.....##.....((((....##,,*
....##.....o.(((((...#*,*
....#......#####(.....#,*
....#.....o.#.#...[...#,*
....#.....#.....#.....#,*
....#.o..###...###....#,*
....#..#..#.o...#,.#..#,*


You could see 2 soul eaters, an orc high priest, a sun demon, 2 orc sorcerers,
an orc warrior and an orc wizard.

Vanquished Creatures
  Maud (D:10)
  A minotaur (Lab)
  The ghost of ololoev the Basher, a journeyman CeFE of Yredelemnul (D:10)
  A hill giant (D:9)
  An ugly thing (D:9)
  An orc knight (Orc:1)
  2 trolls
  A two-headed ogre (D:9)
  A spriggan (D:7)
  A wyvern (D:9)
  16 yaks
  Eustachio (D:4)
  A steam dragon (D:8)
  A warg (D:10)
  A black bear (D:8)
  Duvessa (D:5)
  A sky beast (D:7)
  2 ice beasts
  9 orc warriors
  6 phantoms
  A wasp (D:7)
  12 ogres
  5 centaurs
  3 big kobolds
  7 giant frogs
  A gnoll sergeant (D:8)
  A wyvern skeleton (D:9)
  A water moccasin skeleton (D:8)
  6 scorpions
  Dowan (D:5)
  4 killer bees
  4 wights (D:8)
  4 howler monkeys
  3 crimson imps
  A centaur zombie (D:5)
  A giant frog zombie (D:6)
  7 hounds
  4 jellies
  A wasp zombie (D:6)
  15 orc priests
  A centaur skeleton (D:8)
  2 giant frog skeletons
  20 orc wizards
  An iguana (D:8)
  Terence (D:3)
  Jessica (D:3)
  Ijyb (D:2)
  7 worker ants
  A hound zombie (D:6)
  A hound skeleton (D:9)
  4 gnolls (D:8)
  9 adders
  7 shadow imps
  An ooze (D:1)
  An adder skeleton (D:7)
  A worm (D:3)
  7 giant geckos
  60 orcs
  5 giant cockroaches
  3 hobgoblins
  7 jackals
  5 quokkas
  A ball python (D:5)
  5 bats
  A giant gecko zombie (D:4)
  5 giant newts
  6 goblins
  A jackal skeleton (D:4)
  A jackal zombie (D:5)
  21 kobolds
  7 rats
  A plant (D:5)
327 creatures vanquished.

Vanquished Creatures (others)
  A worker ant zombie (D:8)
  124 toadstools
125 creatures vanquished.

Grand Total: 452 creatures vanquished

Notes
Turn   | Place    | Note
--------------------------------------------------------------
     0 | D:1      | mistymad the Centaur Hunter began the quest for the Orb.
     0 | D:1      | Reached XP level 1. HP: 17/17 MP: 1/1
   442 | D:1      | Reached XP level 2. HP: 16/25 MP: 2/2
  1279 | D:2      | Reached XP level 3. HP: 23/31 MP: 3/3
  1885 | D:3      | Noticed Jessica
  1885 | D:3      | Noticed Ijyb
  1893 | D:3      | Killed Jessica
  1893 | D:3      | Reached XP level 4. HP: 40/40 MP: 4/4
  1912 | D:2      | Killed Ijyb
  1912 | D:2      | Reached skill level 6 in Bows
  2244 | D:3      | Found an ancient bone altar of Kikubaaqudgha.
  2244 | D:3      | Found a snail-covered altar of Cheibriados.
  2315 | D:3      | Noticed Terence
  2329 | D:3      | Killed Terence
  2329 | D:3      | Reached XP level 5. HP: 47/47 MP: 5/5
  2388 | D:3      | Found a faded altar of an unknown god.
  2705 | D:3      | Found a burning altar of Makhleb.
  2798 | D:3      | Found an iron altar of Okawaru.
  2857 | D:4      | Noticed Eustachio
  2957 | D:4      | Noticed an ogre
  2963 | D:4      | Noticed a phantom
  2974 | D:4      | Killed an ogre
  2974 | D:4      | Reached skill level 5 in Fighting
  2974 | D:4      | Reached skill level 7 in Bows
  2974 | D:4      | Reached XP level 6. HP: 33/56 MP: 6/6
  3206 | D:4      | Reached skill level 8 in Bows
  3432 | D:4      | Reached XP level 7. HP: 63/63 MP: 7/7
  3517 | D:4      | Killed Eustachio
  3517 | D:4      | Reached skill level 9 in Bows
  3808 | D:4      | Found a shimmering altar of Xom.
  3870 | D:5      | Entered Level 5 of the Dungeon
  3899 | D:5      | Found a hazy altar of Hepliaklqana.
  4764 | D:5      | Reached XP level 8. HP: 47/73 MP: 8/8
  5109 | D:5      | Noticed Duvessa
  5109 | D:5      | Noticed Dowan
  5122 | D:5      | Killed Dowan
  5122 | D:5      | Reached skill level 10 in Bows
  5164 | D:5      | Killed Duvessa
  5837 | D:6      | Reached skill level 11 in Bows
  6744 | D:7      | Reached XP level 9. HP: 64/82 MP: 9/9
  6856 | D:7      | Found a blossoming altar of Fedhas.
  6929 | D:7      | Became a worshipper of Fedhas Madash
  6946 | D:7      | Found an opulent altar of Gozag.
  7032 | D:7      | Found a shadowy altar of Dithmenos.
  7193 | D:7      | Found a glowing golden altar of the Shining One.
  7258 | D:7      | Reached skill level 12 in Bows
  7559 | D:7      | Gained mutation: You occasionally shout uncontrollably at your foes. [mutagenic meat]
  7560 | D:7      | Gained mutation: You expend magic power (3 MP) to strengthen your wands. [mutagenic meat]
  7561 | D:7      | Gained mutation: Your magical capacity is low. (-10% MP) [mutagenic meat]
  7562 | D:7      | Gained mutation: You are clumsy. (Dex -2) [mutagenic meat]
  7722 | D:7      | Found a staircase to the Ecumenical Temple.
  7736 | Temple   | Entered the Ecumenical Temple
  8552 | D:8      | Reached skill level 10 in Fighting
  8552 | D:8      | Reached skill level 13 in Bows
  8669 | D:8      | Found a hide-covered altar of Uskayaw.
  8735 | D:8      | Reached XP level 10. HP: 34/94 MP: 9/9
  9283 | D:8      | Reached * piety under Fedhas
  9433 | D:8      | Reached skill level 14 in Bows
 10052 | D:8      | Noticed an ice statue
 10947 | D:9      | Found Zin's Purification Station.
 10952 | D:9      | Found a glowing silver altar of Zin.
 10997 | D:9      | Reached skill level 1 in Armour
 11717 | D:9      | Found a stormy altar of Qazlal.
 12147 | D:10     | Entered Level 10 of the Dungeon
 12147 | D:10     | Noticed a purple ugly thing
 12147 | D:10     | Noticed a hill giant
 12212 | D:9      | Killed a hill giant
 12563 | D:9      | Killed a purple ugly thing
 12563 | D:9      | Reached XP level 11. HP: 58/102 MP: 9/9
 12759 | D:10     | Found a staircase to the Lair.
 13022 | D:10     | Noticed ololoev's ghost (journeyman CeFE)
 13071 | D:10     | Killed ololoev's ghost
 13332 | D:10     | Found Ziuleb's Weapon Boutique.
 13341 | D:10     | Bought a +5 shortbow of velocity for 441 gold pieces
 13384 | D:10     | Found a staircase to the Orcish Mines.
 13395 | D:10     | Found a roughly hewn altar of Beogh.
 13640 | D:10     | Reached skill level 5 in Dodging
 13671 | D:10     | Reached ** piety under Fedhas
 13895 | D:10     | Noticed Maud
 14005 | D:10     | Killed Maud
 14005 | D:10     | Reached skill level 5 in Armour
 14601 | Orc:1    | Entered Level 1 of the Orcish Mines
 14723 | Orc:1    | Reached *** piety under Fedhas
 14728 | Orc:1    | You fall through a shaft!
 14728 | Orc:2    | Entered Level 2 of the Orcish Mines
 14746 | Orc:2    | Found a labyrinth entrance.
 14769 | Orc:2    | Found a staircase to the Elven Halls.
 14779 | Lab      | Entered a labyrinth
 16220 | Lab      | Noticed a minotaur
 16266 | Lab      | Killed a minotaur
 16722 | Orc:1    | Noticed an orc knight
 16850 | Orc:1    | Killed an orc knight
 17194 | Orc:2    | Noticed an orc sorcerer
 17205 | Orc:2    | Noticed an orc high priest
 17205 | Orc:2    | Reached **** piety under Fedhas
 17448 | Orc:2    | Noticed an orc sorcerer
 17450 | Orc:2    | Noticed a soul eater
 17450 | Orc:2    | Noticed a sun demon
 17452 | Orc:2    | Noticed a soul eater
 17456 | Orc:2    | Noticed an orc sorcerer
 17457 | Orc:2    | Found Kapruwug's Antique Armour Shop.
 17457 | Orc:2    | Found Merieh's Antique Weapon Boutique.
 17460 | Orc:2    | Found Idiqiywe's Antique Armour Boutique.
 17461 | Orc:2    | Noticed an orc sorcerer
 17462 | Orc:2    | Found Doanehoe's Food Shop.
 17469 | Orc:2    | HP: 3/102 [orc sorcerer/bolt of fire (8)]
 17470 | Orc:2    | Demolished by a sun demon

Vault maps used:
D:1:      dpeg_arrival_snail, st_stairs_13, minmay_misc_feat_square,
          corner_web_ring, dk_noncrumbling_3, serial_bayou_crossing
D:2:      first_bread, minmay_misc_feat_plants
D:3:      marbit_many_paths, makhleb_grotto_becter,
          gammafunk_temple_overflow_wave, ecumenical_altar_1,
          minmay_crystal_water, uniq_jessica, uniq_terence, uniq_iyjb
D:4:      nicolae_overflow_hidden_temple, uniq_eustachio
D:5:      lemuel_doored_altar, lexackson_kobold_supper, uniq_duvessa
D:7:      kennysheep_mini_moat, old_standard_altar, old_standard_altar,
          the_bakery, nicolae_tso_carved_into_rock
D:8:      lemuel_ice_statue, eat_drink_and_be_merry_uskayaw
D:9:      kennysheep_spiral_hall, zin_purify, lemuel_crystal_altar,
          serial_column_ruins, column_ruins_hut_ruined, column_ruins_grid_1,
          column_ruins_open_medium, column_ruins_open_tiny, column_ruins_grid_1
D:10:     lair_0_dummy, minmay_orc_entry_temple_small, serial_shops, shop,
          uniq_maud
Temple:   cyrus_temple_forest
Orc:2:    st_orc_mages, lab_entry_generic
Lab:      labyrinth_mini_lab

Skill      XL: |  1  2  3  4  5  6  7  8  9 10 11 |
---------------+----------------------------------+-----
Fighting       | 3 4 5 6 7 8 10 11 | 11.1
Bows           | 6 7 8 9 11 13 14 | 14.4
Armour         | 3 6 |  6.4
Dodging        | 4 6 |  6.6
Stealth        | |  0.5

Action                   |  1- 3 |  4- 6 |  7- 9 | 10-12 || total
-------------------------+-------+-------+-------+-------++-------
Melee: Short sword       |    91 |   105 |   279 |   123 ||   598
       Kick              |    16 |    21 |    85 |    45 ||   167
 Fire: Shortbow          |    28 |   101 |   384 |   871 ||  1384
  Use: Scroll            |       |       |     4 |    15 ||    19
       Potion            |       |       |     1 |     4 ||     5
  Eat: Chunk             |     2 |     4 |    18 |    18 ||    42
       Beef jerky        |       |       |       |     1 ||     1
Armor: Leather armour    |    47 |    45 |   138 |    77 ||   307
       Robe              |       |       |       |    51 ||    51
       Scale mail        |       |       |       |    17 ||    17
       Ring mail         |       |       |       |     3 ||     3
Dodge: Dodged            |    51 |   121 |   259 |   210 ||   641
